| TOP OF THE 1ST |
|
Philadelphia Phillies batting - Pitching for New York Mets : RHP Ben Dicks
|
|
Pitching: RHP Ben Dicks
|
|
|
Batting: SHB Lance Franklin
|
0-0: Called Strike 0-1: Ball 1-1: Ball 2-1: Swinging Strike 2-2: Foul Ball, location: 2F 2-2: Foul Ball, location: 2F 2-2: Foul Ball, location: 2F 2-2: Hit by Pitch
|
|
Batting: LHB Nick Canizales
|
0-0: Called Strike 0-1: Called Strike 0-2: Ball 1-2: Foul Ball, location: 2F 1-2: Foul Ball, location: 2F 1-2: Ball 2-2: Strikes out looking
|
|
Batting: LHB Osamu Kubo
|
0-0: Called Strike 0-1: Called Strike 0-2: Ball 1-2: Fielders Choice at 2nd, 1-4 (Groundball, 15S, EV 63.8 MPH)
|
|
Batting: RHB Josh Hensley
|
0-0: Ball 1-0: Foul Ball, location: 2F 1-1: Foul Ball, location: 2F 1-2: Strikes out swinging
|
| Top of the 1st over - 0 runs, 0 hits, 0 errors, 1 left on base; Philadelphia 0 - New York 0 |
| BOTTOM OF THE 1ST |
|
New York Mets batting - Pitching for Philadelphia Phillies : RHP Matt Evans
|
|
Pitching: RHP Matt Evans
|
|
|
Batting: SHB Nelle van den Berg
|
0-0: Called Strike 0-1: Ball 1-1: Foul Ball, location: 2F 1-2: Ball 2-2: Ball 3-2: Base on Balls
|
|
Batting: LHB Kevin Bellman
|
0-0: Called Strike Nelle van den Berg steals 2nd base 0-1: Ball 1-1: Ball 2-1: Ball 3-1: Called Strike 3-2: Foul Ball, location: 2F 3-2: Base on Balls
|
|
Batting: SHB Sean Cook
|
0-0: Ball 1-0: Ball 2-0: Ball 3-0: Called Strike 3-1: Swinging Strike 3-2: Strikes out looking
|
|
Batting: RHB Jeff Jank
|
0-0: Called Strike Nelle van den Berg is caught stealing 3rd base 2-5 Kevin Bellman to second 0-1: Foul Ball, location: 2F 0-2: Strikes out swinging
|
| Bottom of the 1st over - 0 runs, 0 hits, 0 errors, 1 left on base; Philadelphia 0 - New York 0 |
| TOP OF THE 2ND |
|
Philadelphia Phillies batting - Pitching for New York Mets : RHP Ben Dicks
|
|
Batting: LHB Ryan Trombley
|
0-0: Called Strike 0-1: Ground out 6-3 (Groundball, 6, EV 86.9 MPH)
|
|
Batting: SHB Phuck II
|
0-0: Called Strike 0-1: Ball 1-1: SOLO HOME RUN (Flyball, 9LD, EV 95.0 MPH), Distance : 352 ft
|
|
Batting: LHB Brad Turner
|
0-0: Called Strike 0-1: Foul Ball, location: 2F 0-2: Ball 1-2: Ball 2-2: Foul Ball, location: 2F 2-2: Fly out, F6 (Popup, 6, EV 71.9 MPH)
|
|
Batting: LHB Cody Schumacher
|
0-0: Foul Ball, location: 2F 0-1: Fly out, F8 (Line Drive, 8LM, EV 95.6 MPH)
|
| Top of the 2nd over - 1 run, 1 hit, 0 errors, 0 left on base; Philadelphia 1 - New York 0 |
| BOTTOM OF THE 2ND |
|
New York Mets batting - Pitching for Philadelphia Phillies : RHP Matt Evans
|
|
Batting: SHB Roberto Magne
|
0-0: Ball 1-0: Called Strike 1-1: Foul Ball, location: 2F 1-2: Ball 2-2: Fly out, F6 (Popup, 6M, EV 65.6 MPH)
|
|
Batting: RHB Drtian Thaqi
|
0-0: Ground out 5-3 (Groundball, 5, EV 102.5 MPH)
|
|
Batting: SHB Javy Rosa
|
0-0: Foul Ball, location: 2F 0-1: Ball 1-1: Ball 2-1: DOUBLE (Line Drive, 89XD, EV 108.1 MPH)
|
|
Batting: LHB Fabiano Perrolas
|
0-0: SINGLE (Line Drive, 8RS, EV 94.4 MPH) Javy Rosa to third Runner from 3rd tries for Home, SAFE, throw by CF to home Fabiano Perrolas to second
|
|
Batting: RHB Antonio Aranda
|
0-0: Called Strike 0-1: Ball 1-1: Ball 2-1: Swinging Strike 2-2: Ball 3-2: Fly out, F7 (Flyball, 7S, EV 85.6 MPH)
|
| Bottom of the 2nd over - 1 run, 2 hits, 0 errors, 1 left on base; Philadelphia 1 - New York 1 |
| TOP OF THE 3RD |
|
Philadelphia Phillies batting - Pitching for New York Mets : RHP Ben Dicks
|
|
Batting: RHB Chris Pounds
|
0-0: Swinging Strike 0-1: Foul Ball, location: 2F 0-2: Foul Ball, location: 2F 0-2: Foul Ball, location: 2F 0-2: Ball 1-2: Foul Ball, location: 2F 1-2: Ball 2-2: Ball 3-2: Strikes out swinging
|
|
Batting: SHB Lance Franklin
|
0-0: Foul Ball, location: 2F 0-1: Called Strike 0-2: Strikes out swinging
|
|
Batting: LHB Nick Canizales
|
0-0: Ball 1-0: Ball 2-0: Called Strike 2-1: Called Strike 2-2: Foul Ball, location: 2F 2-2: Ball 3-2: Ground out U3 (Groundball, 3, EV 90.0 MPH)
|
| Top of the 3rd over - 0 runs, 0 hits, 0 errors, 0 left on base; Philadelphia 1 - New York 1 |
| BOTTOM OF THE 3RD |
|
New York Mets batting - Pitching for Philadelphia Phillies : RHP Matt Evans
|
|
Batting: SHB Nelle van den Berg
|
0-0: Ground out 6-3 (Groundball, 6, EV 103.1 MPH)
|
|
Batting: LHB Kevin Bellman
|
0-0: Called Strike 0-1: Fly out, F8 (Flyball, 8LS, EV 94.4 MPH)
|
|
Batting: SHB Sean Cook
|
0-0: Called Strike 0-1: Ball 1-1: Foul Ball, location: 2F 1-2: Strikes out swinging
|
| Bottom of the 3rd over - 0 runs, 0 hits, 0 errors, 0 left on base; Philadelphia 1 - New York 1 |
| TOP OF THE 4TH |
|
Philadelphia Phillies batting - Pitching for New York Mets : RHP Ben Dicks
|
|
Batting: LHB Osamu Kubo
|
0-0: Foul Ball, location: 2F 0-1: Ball 1-1: Swinging Strike 1-2: Foul Ball, location: 2F 1-2: Foul Ball, location: 2F 1-2: Ball 2-2: Strikes out looking
|
|
Batting: RHB Josh Hensley
|
0-0: Ball 1-0: Called Strike 1-1: Ball 2-1: Swinging Strike 2-2: Ground out 1-3 (Groundball, 15S, EV 68.1 MPH)
|
|
Batting: LHB Ryan Trombley
|
0-0: Foul Ball, location: 2F 0-1: Ball 1-1: SINGLE (Groundball, 34D, EV 99.4 MPH)
|
|
Batting: SHB Phuck II
|
0-0: Called Strike 0-1: Foul Ball, location: 2F 0-2: DOUBLE (Line Drive, 9LS, EV 88.8 MPH) Ryan Trombley to third Runner from 3rd tries for Home, throw by RF and OUT! 9-4-2
|
| Top of the 4th over - 0 runs, 2 hits, 0 errors, 1 left on base; Philadelphia 1 - New York 1 |
| BOTTOM OF THE 4TH |
|
New York Mets batting - Pitching for Philadelphia Phillies : RHP Matt Evans
|
|
Batting: RHB Jeff Jank
|
0-0: Foul Ball, location: 2F 0-1: Foul Ball, location: 2F 0-2: Ball 1-2: Ball 2-2: Strikes out swinging
|
|
Batting: SHB Roberto Magne
|
0-0: Hit by Pitch
|
|
Batting: RHB Drtian Thaqi
|
0-0: Called Strike 0-1: Ball 1-1: Grounds into double play, 6-4-3 (Groundball, 6, EV 81.9 MPH)
|
| Bottom of the 4th over - 0 runs, 0 hits, 0 errors, 0 left on base; Philadelphia 1 - New York 1 |
| TOP OF THE 5TH |
|
Philadelphia Phillies batting - Pitching for New York Mets : RHP Ben Dicks
|
|
Batting: LHB Brad Turner
|
0-0: Called Strike 0-1: Ball 1-1: Fly out, F2 (Popup, 2L, EV 87.5 MPH)
|
|
Batting: LHB Cody Schumacher
|
0-0: Ball 1-0: Fly out, F8 (Flyball, 78S, EV 85.6 MPH)
|
|
Batting: RHB Chris Pounds
|
0-0: SINGLE (Groundball, 6MD, EV 95.0 MPH)
|
|
Batting: SHB Lance Franklin
|
0-0: Ball 1-0: Fly out, F7 (Flyball, 7S, EV 78.1 MPH)
|
| Top of the 5th over - 0 runs, 1 hit, 0 errors, 1 left on base; Philadelphia 1 - New York 1 |
| BOTTOM OF THE 5TH |
|
New York Mets batting - Pitching for Philadelphia Phillies : RHP Matt Evans
|
|
Batting: SHB Javy Rosa
|
0-0: Called Strike 0-1: Swinging Strike 0-2: Ball 1-2: Ball 2-2: Strikes out swinging
|
|
Batting: LHB Fabiano Perrolas
|
0-0: Ball 1-0: Called Strike 1-1: Called Strike 1-2: Strikes out swinging
|
|
Batting: RHB Antonio Aranda
|
0-0: Ball 1-0: Ball 2-0: Ball 3-0: Called Strike 3-1: Foul Ball, location: 2F 3-2: Strikes out looking
|
| Bottom of the 5th over - 0 runs, 0 hits, 0 errors, 0 left on base; Philadelphia 1 - New York 1 |
| TOP OF THE 6TH |
|
Philadelphia Phillies batting - Pitching for New York Mets : RHP Ben Dicks
|
|
Batting: LHB Nick Canizales
|
0-0: Foul Ball, location: 2F 0-1: Ball 1-1: Ball 2-1: Ball 3-1: Base on Balls
|
|
Pitching: RHP Justin Overlie
|
|
|
Batting: LHB Osamu Kubo
|
0-0: Ball 1-0: Ball 2-0: Called Strike Nick Canizales is caught stealing 2nd base 2-6 2-1: Foul Ball, location: 2F 2-2: Strikes out swinging
|
|
Batting: RHB Josh Hensley
|
0-0: Called Strike 0-1: Swinging Strike 0-2: Strikes out looking
|
| Top of the 6th over - 0 runs, 0 hits, 0 errors, 0 left on base; Philadelphia 1 - New York 1 |
| BOTTOM OF THE 6TH |
|
New York Mets batting - Pitching for Philadelphia Phillies : RHP Matt Evans
|
|
Batting: SHB Nelle van den Berg
|
0-0: Ball 1-0: SINGLE (Groundball, 34D, EV 108.8 MPH)
|
|
Batting: LHB Kevin Bellman
|
0-0: Ball 1-0: Ball 2-0: Ball 3-0: Called Strike 3-1: Fly out, F8 (Line Drive, 8RM, EV 88.8 MPH)
|
|
Batting: SHB Sean Cook
|
0-0: Ball 1-0: Foul Ball, location: 2F 1-1: Ball 2-1: Ball 3-1: Base on Balls Nelle van den Berg to second
|
|
Batting: RHB Jeff Jank
|
0-0: Ball 1-0: Ball 2-0: Called Strike 2-1: Ball 3-1: Grounds into double play, 6-4-3 (Groundball, 6, EV 86.2 MPH)
|
| Bottom of the 6th over - 0 runs, 1 hit, 0 errors, 1 left on base; Philadelphia 1 - New York 1 |
| TOP OF THE 7TH |
|
Philadelphia Phillies batting - Pitching for New York Mets : RHP Justin Overlie
|
|
Batting: LHB Ryan Trombley
|
0-0: Reached on error, E1 (Groundball, 25, EV 68.1 MPH)
|
|
Batting: SHB Phuck II
|
0-0: Swinging Strike 0-1: Ball 1-1: Foul Ball, location: 2F 1-2: Strikes out looking
|
|
Batting: LHB Brad Turner
|
0-0: Foul Ball, location: 2F 0-1: Swinging Strike 0-2: Foul Ball, location: 2F 0-2: Foul Ball, location: 2F 0-2: Ball 1-2: Fly out, F9 (Flyball, 89S, EV 91.2 MPH)
|
|
Batting: LHB Cody Schumacher
|
0-0: SINGLE (Line Drive, 5D, EV 106.2 MPH) Ryan Trombley to second
|
|
Batting: RHB Chris Pounds
|
0-0: Called Strike 0-1: Foul Ball, location: 2F 0-2: Ball 1-2: Foul Ball, location: 2F 1-2: Ball 2-2: Foul Ball, location: 2F 2-2: Ball Wild Pitch! Ryan Trombley to third Cody Schumacher to second 3-2: Ground out 4-3 (Groundball, 4, EV 85.0 MPH)
|
| Top of the 7th over - 0 runs, 1 hit, 1 error, 2 left on base; Philadelphia 1 - New York 1 |
| BOTTOM OF THE 7TH |
|
New York Mets batting - Pitching for Philadelphia Phillies : RHP Matt Evans
|
|
Batting: SHB Roberto Magne
|
0-0: Ball 1-0: Ball 2-0: Called Strike 2-1: Called Strike 2-2: Fly out, F9 (Flyball, 9LSF, EV 83.8 MPH)
|
|
Batting: RHB Drtian Thaqi
|
0-0: Called Strike 0-1: Ball 1-1: Hit by Pitch
|
|
Batting: SHB Javy Rosa
|
0-0: Called Strike 0-1: Ball 1-1: Foul Ball, location: 2F 1-2: Foul Ball, location: 2F 1-2: Ball 2-2: Strikes out swinging
|
|
Batting: LHB Fabiano Perrolas
|
0-0: Fly out, F7 (Line Drive, 7D, EV 95.6 MPH)
|
| Bottom of the 7th over - 0 runs, 0 hits, 0 errors, 1 left on base; Philadelphia 1 - New York 1 |
| TOP OF THE 8TH |
|
Philadelphia Phillies batting - Pitching for New York Mets : RHP Justin Overlie
|
|
Pitching: LHP Chris Thurner
|
|
|
Batting: SHB Lance Franklin
|
0-0: Ball 1-0: Foul Ball, location: 2F 1-1: Called Strike 1-2: Ball 2-2: Strikes out swinging
|
|
Pinch Hitting: RHB Quintin Parker
|
0-0: Ball 1-0: Called Strike 1-1: Called Strike 1-2: Foul Ball, location: 2F 1-2: Ball 2-2: Ground out 6-3 (Groundball, 4M, EV 85.0 MPH)
|
|
Batting: LHB Osamu Kubo
|
0-0: Called Strike 0-1: Hit by Pitch
|
|
Pinch Runner at 1st Danny Hill:
|
|
|
Batting: RHB Josh Hensley
|
0-0: Called Strike 0-1: Ball 1-1: Ball 2-1: Ball 3-1: SINGLE (Groundball, 34D, EV 101.2 MPH) Danny Hill to second Runner from 2nd tries for 3rd, SAFE, throw by RF made to third
|
|
Batting: LHB Ryan Trombley
|
0-0: Called Strike 0-1: Fielders Choice at 2nd, 6-4 (Groundball, 6, EV 100.6 MPH)
|
| Top of the 8th over - 0 runs, 1 hit, 0 errors, 2 left on base; Philadelphia 1 - New York 1 |
| BOTTOM OF THE 8TH |
|
New York Mets batting - Pitching for Philadelphia Phillies : RHP Matt Evans
|
|
Pitching: RHP Josh Cornishen
|
|
|
Now at 2B: Jim Beaver
|
|
|
Now in LF: Danny Hill
|
|
|
Batting: RHB Antonio Aranda
|
0-0: Called Strike 0-1: Ground out 6-3 (Groundball, 6, EV 105.0 MPH)
|
|
Batting: SHB Nelle van den Berg
|
0-0: Called Strike 0-1: Ball 1-1: Ball 2-1: Called Strike 2-2: Foul Ball, location: 2F 2-2: Fly out, F7 (Flyball, 7LM, EV 101.2 MPH)
|
|
Batting: LHB Kevin Bellman
|
0-0: Ball 1-0: Called Strike 1-1: Ground out 6-3 (Groundball, 6M, EV 100.6 MPH)
|
| Bottom of the 8th over - 0 runs, 0 hits, 0 errors, 0 left on base; Philadelphia 1 - New York 1 |
| TOP OF THE 9TH |
|
Philadelphia Phillies batting - Pitching for New York Mets : LHP Chris Thurner
|
|
Pitching: LHP Sam Schrecengost
|
|
|
Batting: SHB Phuck II
|
0-0: Fly out, F9 (Line Drive, 9, EV 92.5 MPH)
|
|
Batting: LHB Brad Turner
|
0-0: Called Strike 0-1: Ball 1-1: Called Strike 1-2: Foul Ball, location: 2F 1-2: Foul Ball, location: 2F 1-2: Foul Ball, location: 2F 1-2: Strikes out swinging
|
|
Batting: LHB Cody Schumacher
|
0-0: Ball 1-0: Called Strike 1-1: Called Strike 1-2: Strikes out looking
|
| Top of the 9th over - 0 runs, 0 hits, 0 errors, 0 left on base; Philadelphia 1 - New York 1 |
| BOTTOM OF THE 9TH |
|
New York Mets batting - Pitching for Philadelphia Phillies : RHP Josh Cornishen
|
|
Batting: SHB Sean Cook
|
0-0: Ball 1-0: Ball 2-0: Foul Ball, location: 2F 2-1: Called Strike 2-2: Foul Ball, location: 2F 2-2: Strikes out swinging
|
|
Batting: RHB Jeff Jank
|
0-0: Ball 1-0: Called Strike 1-1: Foul Ball, location: 2F 1-2: Foul Ball, location: 2F 1-2: Ball 2-2: Fly out, F9 (Flyball, 9S, EV 69.4 MPH)
|
|
Batting: SHB Roberto Magne
|
0-0: Ball 1-0: SINGLE (Groundball, 34S, EV 70.6 MPH) (infield hit)
|
|
Batting: RHB Drtian Thaqi
|
0-0: Called Strike 0-1: Ball 1-1: Called Strike 1-2: Foul Ball, location: 2F 1-2: Ball 2-2: Ball 3-2: Strikes out swinging
|
| Bottom of the 9th over - 0 runs, 1 hit, 0 errors, 1 left on base; Philadelphia 1 - New York 1 |
| TOP OF THE 10TH |
|
Philadelphia Phillies batting - Pitching for New York Mets : LHP Sam Schrecengost
|
|
Batting: RHB Chris Pounds
|
0-0: Ball 1-0: Foul Ball, location: 2F 1-1: Ground out 1-3 (Groundball, 13, EV 71.9 MPH)
|
|
Batting: SHB Lance Franklin
|
0-0: Ball 1-0: Called Strike 1-1: Ground out 6-3 (Groundball, 6, EV 88.8 MPH)
|
|
Batting: LHB Jim Beaver
|
0-0: Ball 1-0: Called Strike 1-1: Ball 2-1: Ball 3-1: Fly out, F3 (Popup, 3SF, EV 70.0 MPH)
|
| Top of the 10th over - 0 runs, 0 hits, 0 errors, 0 left on base; Philadelphia 1 - New York 1 |
| BOTTOM OF THE 10TH |
|
New York Mets batting - Pitching for Philadelphia Phillies : RHP Josh Cornishen
|
|
Batting: SHB Javy Rosa
|
0-0: Called Strike 0-1: Foul Ball, location: 2F 0-2: Ball 1-2: Ball 2-2: Foul Ball, location: 2F 2-2: Strikes out swinging
|
|
Batting: LHB Fabiano Perrolas
|
0-0: Fly out, F8 (Flyball, 78M, EV 93.1 MPH)
|
|
Batting: RHB Antonio Aranda
|
0-0: Ball 1-0: Foul Ball, location: 2F 1-1: Foul Ball, location: 2F 1-2: Foul Ball, location: 2F 1-2: DOUBLE (Line Drive, 8RXD, EV 111.2 MPH)
|
|
Batting: SHB Nelle van den Berg
|
0-0: Foul Ball, location: 2F 0-1: Ball 1-1: Ball 2-1: Fly out, F8 (Flyball, 78M, EV 88.8 MPH)
|
| Bottom of the 10th over - 0 runs, 1 hit, 0 errors, 1 left on base; Philadelphia 1 - New York 1 |
| TOP OF THE 11TH |
|
Philadelphia Phillies batting - Pitching for New York Mets : LHP Sam Schrecengost
|
|
Pitching: RHP Robbie Beerbower
|
|
|
Batting: LHB Danny Hill
|
0-0: Fly out, F9 (Flyball, 9LM, EV 96.2 MPH)
|
|
Batting: RHB Josh Hensley
|
0-0: SINGLE (Line Drive, 3D, EV 96.9 MPH)
|
|
Batting: LHB Ryan Trombley
|
0-0: Called Strike 0-1: Called Strike 0-2: Ball 1-2: Fly out, F4 (Popup, 13S, EV 90.6 MPH)
|
|
Batting: SHB Phuck II
|
0-0: Ball 1-0: Foul Ball, location: 2F 1-1: SINGLE (Line Drive, 4MD, EV 95.6 MPH) Josh Hensley to second Runner from 2nd tries for 3rd, OUT! 8-5
|
| Top of the 11th over - 0 runs, 2 hits, 0 errors, 1 left on base; Philadelphia 1 - New York 1 |
| BOTTOM OF THE 11TH |
|
New York Mets batting - Pitching for Philadelphia Phillies : RHP Josh Cornishen
|
|
Pitching: RHP Brian Thomas
|
|
|
Batting: LHB Kevin Bellman
|
0-0: Swinging Strike 0-1: Called Strike 0-2: Foul Ball, location: 2F 0-2: Ball 1-2: Ball 2-2: Foul Ball, location: 2F 2-2: Foul Ball, location: 2F 2-2: Ball 3-2: Base on Balls
|
|
Batting: SHB Sean Cook
|
0-0: Called Strike 0-1: Ball 1-1: Called Strike 1-2: Ball 2-2: Ball 3-2: Foul Ball, location: 2F 3-2: Strikes out looking Kevin Bellman steals 2nd, throwing error, E2 Kevin Bellman to third
|
|
Batting: RHB Jeff Jank
|
0-0: Called Strike 0-1: Foul Ball, location: 2F 0-2: Ball 1-2: Ball 2-2: Foul Ball, location: 2F 2-2: SINGLE (Line Drive, 89S, EV 100.6 MPH) Kevin Bellman scores
|
| Bottom of the 11th over - 1 run, 1 hit, 1 error, 1 left on base; Philadelphia 1 - New York 2 |
|